AoeStats
← simirfan

Oasis

509699441Analyzed
3v3 RM · 22d ago on Sep 27, 2026· 57m 14s· 6 players
Game mode
Random Map
Map size
Normal (6 player)
Population
200
Speed
Normal
Resources
Standard
Victory
Conquest
Starting age
Dark Age
Ending age
Imperial Age
RankedLock teamsTeams togetherTeam positionsShared explorationLock speedFull tech treeHidden civsTurbo modeCheats
Victory
Defeat
🇧🇪 Maya · Belgium
1204
+16
🇧🇪 Varangians · Belgium
1180
+17
🇧🇪 Muisca · Belgium
1167
+17
vs
🇹🇷 Huns · Türkiye
1225
-18
🇹🇷 Goths · Türkiye
1212
-17
🇹🇷 Bohemians · Türkiye
1161
-15
jasper.vanzeebroeck
5:48 Loom
8:52 Feudal Age
8:53 Champi Runner
15:40 Fletching
17:38 Padded Archer Armor
19:57 Double-Bit Axe
25:29 Castle Age
23:58 Horse Collar
25:19 Scale Mail Armor
25:50 Champi Warrior
27:37 Bow Saw
27:46 Chain Mail Armor
28:45 Squires
29:08 Forging
34:55 Iron Casting
37:52 Wheelbarrow
38:45 Heavy Plow
43:02 Imperial Age
43:28 Elite Temple Guard
48:32 Plate Mail Armor
53:11 Two-Man Saw
53:56 Chemistry
53:17 Ballistics
52:58 Bodkin Arrow
53:31 Hand Cart
55:26 Elite Champi Warrior
57:21 Treadmill Crane
57:53 Clinker Construction
57:48 Siege Engineers
57:53 Masonry
57:55 Careening
57:41 Murder Holes
57:37 Guard Tower
57:39 Town Watch
Levvy - Humanize
7:48 Loom
11:53 Feudal Age
14:32 Double-Bit Axe
17:00 Castle Age
16:39 Scale Barding Armor
16:47 Forging
17:09 Stone Mining
17:10 Gold Mining
28:47 Chain Barding Armor
29:05 Iron Casting
28:51 Chain Barding Armor
29:42 Bloodlines
29:33 Husbandry
31:14 Bow Saw
37:25 Horse Collar
43:23 Imperial Age
41:33 Wheelbarrow
42:47 Vendel Legacy
43:57 Cavalier
45:00 Conscription
46:54 Elite Jarl
51:35 Two-Man Saw
52:19 Plate Barding Armor
52:45 Blast Furnace
51:35 Fletching
51:48 Scale Mail Armor
57:44 Chain Mail Armor
57:25 Bodkin Arrow
57:39 Siege Engineers
57:16 Treadmill Crane
58:37 Chemistry
58:00 Ballistics
57:22 Treadmill Crane
Flemish_Noble
0:30 Loom
9:46 Feudal Age
10:18 Double-Bit Axe
13:36 Fletching
14:30 Horse Collar
16:37 Padded Archer Armor
23:43 Castle Age
22:48 Wheelbarrow
22:59 Gold Mining
23:54 Crossbowman
24:40 Thumb Ring
24:42 Bodkin Arrow
28:07 Hand Cart
28:10 Leather Archer Armor
30:33 Bow Saw
31:29 Ballistics
35:07 Imperial Age
33:10 Scale Mail Armor
33:21 Forging
34:23 Chain Mail Armor
34:31 Heavy Plow
34:36 Town Watch
35:49 Bracer
36:05 Arbalester
38:22 Chemistry
36:50 Capped Ram
38:22 Siege Ram
40:17 Ring Archer Armor
41:19 Conscription
42:36 Stone Mining
44:06 Murder Holes
45:43 Eagle Warrior
46:25 Squires
48:27 Elite Eagle Warrior
50:05 Arson
51:46 Holcans
52:19 Plate Mail Armor
52:25 Iron Casting
55:20 Blast Furnace
simirfan
0:26 Loom
11:33 Feudal Age
12:28 Double-Bit Axe
12:15 Man-at-Arms
15:07 Padded Archer Armor
14:58 Fletching
17:40 Horse Collar
21:28 Gold Mining
21:29 Stone Mining
23:53 Castle Age
23:01 Scale Mail Armor
23:13 Forging
28:37 Elite Skirmisher
39:13 Anarchy
41:20 Wheelbarrow
51:36 Bow Saw
50:52 Pikeman
51:33 Squires
M.S.
4:09 Loom
11:40 Feudal Age
14:35 Man-at-Arms
18:21 Double-Bit Axe
18:18 Horse Collar
21:20 Wheelbarrow
26:57 Castle Age
27:05 Forging
27:01 Scale Barding Armor
26:57 Padded Archer Armor
26:47 Fletching
27:52 Husbandry
29:50 Heavy Plow
30:03 Bow Saw
33:10 Town Watch
37:02 Fervor
38:09 Fortified Wall
44:19 Imperial Age
43:40 Chemistry
43:01 Ballistics
44:41 Hand Cart
44:29 Town Patrol
45:46 Iron Casting
45:02 Light Cavalry
48:59 Two-Man Saw
48:29 Scale Mail Armor
49:46 Cavalier
49:58 Elite Skirmisher
50:55 Leather Archer Armor
51:28 Siege Engineers
51:29 Squires
51:28 Pikeman
51:53 Arson
52:08 Elite Hussite Wagon
54:26 Blast Furnace
53:42 Chain Mail Armor
53:23 Bodkin Arrow
56:46 Murder Holes
Geosim
10:55 Feudal Age
11:34 Double-Bit Axe
12:55 Bloodlines
13:27 Horse Collar
16:05 Gold Mining
16:58 Loom
17:53 Forging
17:48 Scale Barding Armor
19:25 Wheelbarrow
21:54 Castle Age
22:02 Stone Mining
21:58 Light Cavalry
22:40 Husbandry
23:41 Bow Saw
25:08 Iron Casting
25:47 Wheelbarrow
26:22 Heavy Plow
27:56 Chain Barding Armor
27:56 Town Watch
29:03 Hand Cart
36:07 Gold Shaft Mining
39:06 Imperial Age
37:19 Marauders
39:06 Elite Tarkan
40:49 Blast Furnace
40:25 Plate Barding Armor
40:26 Conscription
42:04 Hussar
44:35 Two-Man Saw
44:01 Elite Skirmisher
44:47 Thumb Ring
46:28 Chemistry
45:49 Ballistics
45:30 Padded Archer Armor
45:58 Fletching
46:43 Parthian Tactics
50:03 Bodkin Arrow
50:24 Leather Archer Armor
Connection lost

Rejoining the realm…

Still unreachable

The connection could not be restored.

Session expired

The server has moved on; the page needs a fresh start.